 Dungeon Crawl Stone Soup version 0.27.1-34-g3ba077fa99 (webtiles) character file.

Game seed: 16081173219784613537

198255 pkoi the Fencer (level 18, -6/163 HPs)
             Began as a Minotaur Gladiator on Jan 6, 2022.
             Was the Champion of Makhleb.
             Mangled by a +3 antimagic halberd (18 damage)
             ... on level 2 of the Elven Halls.
             The game lasted 00:59:14 (41751 turns).

pkoi the Fencer (Minotaur Gladiator)               Turns: 41751, Time: 00:59:14

Health: -6/163     AC: 19    Str: 18    XL:     18   Next: 21%
Magic:  19/27      EV: 21    Int:  8    God:    Makhleb [******]
Gold:   673        SH:  0    Dex: 14    Spells: 16/17 levels left

rFire    + + .     SeeInvis .   Y - +6 great sword (flame)
rCold    + . .     Faith    .   (shield currently unavailable)
rNeg     + + .     Spirit   .   z - +4 ring mail of Paecumpaeth {rC+ rN+}
rPois    .         Reflect  .   L - +1 hat of Curiosity {+Blink Fly Will+ Str-4}
rElec    .         Harm     .   C - scarf {repulsion}
rCorr    .         Rampage  +   D - +0 pair of gloves of Intuition {rF++}
Will     ++...                  J - +3 pair of boots of Watchfulness {Rampage rN+ Stlth+}
Stlth    ++........             o - amulet of the acrobat
HPRegen  0.37/turn              f - +4 ring of evasion
MPRegen  0.20/turn              p - +4 ring of slaying

@: flying, studying Dodging, repel missiles
A: horns 2, retaliatory headbutt
a: Renounce Religion, Evoke Blink, Minor Destruction, Lesser Servant of Makhleb,
Major Destruction, Greater Servant of Makhleb


You were on level 2 of the Elven Halls.
You worshipped Makhleb.
Makhleb was exalted by your worship.
You visited 6 branches of the dungeon, and saw 27 of its levels.
You visited the Abyss 1 time.
You also visited: Gauntlet and Ice Cave.

You collected 3568 gold pieces.
You spent 2895 gold pieces at shops.

Inventory:

Hand Weapons
 T - a +3 scimitar of flaming
 Y - a +6 great sword of flaming (weapon)
Missiles
 d - 11 throwing nets
 B - 118 poisoned darts (quivered)
Armour
 h - the +3 crown of Dyrovepreva {rElec Int+2 SInv}
   (You bought it in a shop on level 1 of the Elven Halls)

   Int:       It affects your intelligence (+2).
   rElec:     It insulates you from electricity.
   SInv:      It lets you see invisible.
 z - the +4 ring mail of Paecumpaeth (worn) {rC+ rN+}
   (You bought it in a shop on level 1 of the Dungeon)

   rC:        It protects you from cold.
   rN:        It protects you from negative energy.
 C - a scarf of repulsion (worn)
 D - the +0 pair of gloves of Intuition (worn) {rF++}
   (You bought it in a shop on level 7 of the Dungeon)

   rF:        It greatly protects you from fire.
 J - the +3 pair of boots of Watchfulness (worn) {Rampage rN+ Stlth+}
   (You found it on level 1 of the Lair of Beasts)

   rN:        It protects you from negative energy.
   Rampage:   It bestows one free step when moving towards enemies.
   Stlth:     It makes you more stealthy.
 L - the +1 hat of Curiosity (worn) {+Blink Fly Will+ Str-4}
   (You found it in a Gauntlet)

   Str:       It affects your strength (-4).
   Fly:       It grants you flight.
   +Blink:    It lets you blink.
   Will:      It increases your willpower.
Jewellery
 f - a +4 ring of evasion (left hand)
 l - a ring of positive energy
 o - an amulet of the acrobat (around neck)
 p - a +4 ring of slaying (right hand)
 K - a ring of resist corrosion
 R - a ring of ice
 S - a ring of protection from cold
Wands
 n - a wand of acid (6)
 v - a wand of iceblast (5)
 y - a wand of paralysis (26)
 A - a wand of mindburst (30)
 E - a wand of charming (36)
 G - a wand of polymorph (16)
 W - a wand of flame (16)
Scrolls
 k - a scroll of magic mapping
 q - 2 scrolls of fear
 r - a scroll of fog
 s - 22 scrolls of identify
 t - 3 scrolls of silence
 u - 6 scrolls of enchant weapon
 w - 10 scrolls of teleportation
 F - 4 scrolls of enchant armour
 M - 2 scrolls of blinking
 O - a scroll of holy word
 P - a scroll of amnesia
Potions
 b - 7 potions of heal wounds
 c - a potion of invisibility
 e - 4 potions of haste
 g - 5 potions of might
 i - 13 potions of curing
 j - a potion of lignification
 m - 3 potions of ambrosia
 x - 4 potions of brilliance
 H - a potion of cancellation
 I - 2 potions of berserk rage
 N - 2 potions of magic
Miscellaneous
 a - a phantom mirror


   Skills:
 + Level 15.5 Fighting
 + Level 17.0 Long Blades
 - Level 2.0 Throwing
 + Level 15.2 Armour
 + Level 14.5 Dodging
 + Level 14.0 Invocations
 + Level 10.9 Evocations


You had 16 spell levels left.
You knew the following spells:

 Your Spells              Type           Power      Damage    Failure   Level
a - Apportation           Tloc           0%         N/A       54%         1

Your spell library contained the following spells:

 Spells                   Type           Power      Damage    Failure   Level
 Animate Skeleton         Necr           0%         N/A       54%         1
 Beastly Appendage        Tmut           0%         N/A       54%         1
 Corona                   Hex            0%         N/A       54%         1
 Foxfire                  Conj/Fire      0%         2x1d4     54%         1
 Magic Dart               Conj           0%         1d3       54%         1
 Summon Small Mammal      Summ           0%         N/A       54%         1
 Call Imp                 Summ           0%         N/A       67%         2
 Searing Ray              Conj           0%         3d3       67%         2
 Wereblood                Tmut           0%         N/A       67%         2
 Conjure Flame            Conj/Fire      0%         6-21      88%         3
 Dazzling Flash           Conj/Hex       0%         N/A       88%         3
 Inner Flame              Hex/Fire       0%         N/A       88%         3
 Mephitic Cloud           Conj/Pois/Air  0%         N/A       88%         3
 Spider Form              Tmut/Pois      0%         N/A       88%         3
 Stone Arrow              Conj/Erth      0%         3d7       88%         3
 Animate Armour           Summ/Erth      0%         N/A       99%         4
 Fulminant Prism          Conj/Hex       0%         3d6       99%         4
 Iskenderun's Mystic Bla  Conj/Tloc      0%         2d3       99%         4
 Passage of Golubria      Tloc           N/A        N/A       99%         4
 Alistair's Intoxication  Tmut/Pois      0%         N/A       100%        5
 Lee's Rapid Deconstruct  Erth           0%         3d5*      100%        5
 Silence                  Hex/Air        0%         N/A       100%        5
 Invisibility             Hex            0%         N/A       100%        6
 Starburst                Conj/Fire      0%         6d3       100%        6
 Lehudib's Crystal Spear  Conj/Erth      0%         10d2      100%        8


Dungeon Overview and Level Annotations

Branches:
Dungeon (15/15)            Temple (1/1) D:6            Lair (6/6) D:10
 Shoals (1/4) Lair:3        Snake (0/4) Lair:2        Slime (0/5) Lair:5
    Orc (2/2) D:9             Elf (2/3) Orc:2        Vaults (0/5) D:14
 Depths (0/5) D:15          IceCv (visited)         Gauntlet (visited)

Altars:
Ashenzari
Cheibriados
Dithmenos
Elyvilon
Fedhas
Gozag
Hepliaklqana
Kikubaaqudgha
Makhleb
Nemelex Xobeh
Okawaru
Qazlal
Ru
Sif Muna
Trog
Uskayaw
Vehumet
Wu Jian
Xom
Yredelemnul
Zin
The Shining One
Beogh
Jiyva

Shops:
D:1 [   D:7 *   Orc:2 (!?:   Elf:1 (*[(

Annotations:
D:10 2 transporters
Orc:1 2 transporters, pkoi's ghost, journeyman DrMo
Elf:1 3 runed translucent doors, Ekaitz's ghost, adept TeAE


Innate Abilities, Weirdness & Mutations

You have a pair of horns on your head.
You reflexively headbutt those who attack you in melee.


Message History

You slam into the rock wall!
* * * LOW HITPOINT WARNING * * *
The +5 dire flail of protection hits you!
* * * LOW HITPOINT WARNING * * *
You see here a +2 long sword of distortion.
You slash the +5 dire flail of protection!
The +5 dire flail of protection is severely damaged.
The +5 dire flail of protection hits you!
* * * LOW HITPOINT WARNING * * *
The deep elf knight misses you.
You riposte.
You slice the deep elf knight!! You burn the deep elf knight.
The deep elf knight is almost dead.
The +3 antimagic halberd hits you from afar!
* * * LOW HITPOINT WARNING * * *
You feel your power leaking away.
The +5 dire flail of protection hits you!
* * * LOW HITPOINT WARNING * * *
You hit the +5 dire flail of protection.
The +5 dire flail of protection is severely damaged.
The deep elf knight completely misses you.
You furiously retaliate!
You headbutt the deep elf knight.
The +3 antimagic halberd hits you from afar!
* * * LOW HITPOINT WARNING * * *
You feel your power leaking away.
The +5 dire flail of protection hits you!
* * * LOW HITPOINT WARNING * * *
You slash the +5 dire flail of protection!
The +5 dire flail of protection falls from the air.
Makhleb accepts your kill.
The deep elf knight hits you with a +0 scimitar!
* * * LOW HITPOINT WARNING * * *
The +3 antimagic halberd closely misses you.
The deep elf knight hits you with a +0 scimitar.
* * * LOW HITPOINT WARNING * * *
Unknown command.
You slash the deep elf knight! You burn the deep elf knight.
You kill the deep elf knight!
Makhleb accepts your kill.
The +3 antimagic halberd hits you from afar!!
You die...

...#.....#...
.#e......#.
#.........#
....(e.(... .......
#...# ####'''####
#### ##@)(#.#...##
#... ##.)...#.....##
#...
#.............####..
#....)..))....##....
#.......).....##....
##..)........###....
#.#.)..8....#.#####.
##.).........######.
#.........)..).....)


You could see a +3 antimagic halberd.

Vanquished Creatures
  An Ice Fiend (IceCv)
  Frances (D:13)
  A kraken (Shoals:1)
  Gastronok (Lair:2)
  4 deep elf elementalists
  A merfolk impaler (Shoals:1)
  2 ettins
  5 hydras
  Harold (Lair:2)
  A vault guard (D:14)
  3 boulder beetles
  An alligator snapping turtle (Shoals:1)
  3 ogre magi
  Erolcha (D:13)
  10 two-headed ogres
  A catoblepas (Lair:6)
  A centaur warrior (D:15)
  17 dancing weapons
  4 death yaks (Lair:6)
  3 tengu warriors
  Urug (Lair:5)
  Nergalle (Orc:2)
  14 deep elf knights
  4 skeletal warriors (D:15)
  A bog body (IceCv)
  A deep troll (D:15)
  7 sea snakes
  18 deep elf archers
  19 deep elf zephyrmancers
  An orc knight (Orc:2)
  An obsidian statue (IceCv)
  A lindwurm (Lair:6)
  Pikel (D:4)
  A wolf spider (Lair:6)
  22 deep elf pyromancers
  7 orc sorcerers
  2 necromancers
  4 fauns
  2 oklob plants
  10 ugly things
  7 cyclopes
  4 manticores (Shoals:1)
  2 ice statues (Shoals:1)
  A black mamba (shapeshifter) (D:14)
  A guardian serpent (Lair:6)
  An apocalypse crab (Gauntlet)
  14 elephants
  7 black mambas
  2 water nymphs (Shoals:1)
  A rust devil (Gauntlet)
  2 merfolk sirens (Lair:3)
  20 cane toads
  2 gargoyles
  An unseen horror (D:11)
  A rime drake (Lair:4)
  5 kobold demonologists
  An efreet (D:15)
  8 komodo dragons
  2 anaconda simulacra (IceCv)
  2 yaktaurs (D:14)
  6 ice devils (IceCv)
  6 entropy weaver simulacra (IceCv)
  4 tengu conjurers (D:15)
  4 red devils (Elf:1)
  5 freezing wraiths
  9 trolls
  A wind drake (Shoals:1)
  2 merfolk (Shoals:1)
  3 polar bears
  4 hornets
  14 blink frogs
  4 dream sheep (Lair:6)
  5 slime creatures (D:12)
  2 snapping turtles (Shoals:1)
  A redback (Lair:6)
  2 wraiths (D:12)
  2 ynoxinuls (Gauntlet)
  An air elemental (Elf:1)
  8 spriggan simulacra (IceCv)
  A shadow (D:12)
  21 humans (D:14)
  4 water elementals
  47 yaks
  14 wyverns
  2 vampires
  4 basilisks
  4 fire elementals
  4 steam dragons
  2 harpy simulacra (IceCv)
  7 vampire mosquitoes
  5 nagas (Lair:2)
  A warg (Orc:2)
  6 minotaur simulacra (IceCv)
  2 hydra simulacra (IceCv)
  24 water moccasins
  An ice beast (D:5)
  7 sky beasts
  An ettin simulacrum (IceCv)
  A sky beast (shapeshifter) (D:8)
  15 orc warriors
  2 necrophages
  3 black bears
  2 alligator simulacra (IceCv)
  15 wolves
  6 centaurs
  10 ogres
  8 kobold brigands
  11 bullfrogs
  2 gnoll sergeants
  3 earth elementals
  7 deep troll simulacra (IceCv)
  8 scorpions
  A small abomination (Abyss:2)
  A water moccasin skeleton (D:7)
  A killer bee (D:7)
  3 lindwurm simulacra (IceCv)
  4 electric eels
  A howler monkey (D:4)
  A centaur zombie (D:9)
  A lava snake (D:11)
  A quasit (Elf:2)
  A bullfrog zombie (D:7)
  6 iron imps (Gauntlet)
  5 hounds
  12 orc priests
  2 bullfrog skeletons (D:6)
  A centaur skeleton (D:5)
  5 iguanas
  A scorpion zombie (D:5)
  Ijyb (D:3)
  29 orc wizards
  A killer bee zombie (D:7)
  Robin (D:4)
  A howler monkey skeleton (D:5)
  9 adders
  11 gnolls
  A white imp (D:7)
  2 ufetubi (D:5)
  2 worms
  2 dart slugs
  84 orcs
  9 endoplasms
  2 giant cockroaches
  14 goblins
  A hobgoblin (shapeshifter) (Elf:1)
  4 hobgoblins
  2 jackals (D:1)
  3 quokkas
  7 ball pythons
  6 bats
  2 frilled lizards
  43 kobolds
  5 rats
  4 tentacles (Shoals:1)
890 creatures vanquished.

Vanquished Creatures (collateral kills)
  A minotaur (Gauntlet)
  A death yak (Lair:6)
  A wolf spider (Lair:6)
  An orc sorcerer (Orc:2)
  A cane toad (Lair:6)
  An ice devil (IceCv)
  A redback (Lair:6)
  A deep troll simulacrum (IceCv)
  2 orc wizards (Orc:2)
10 creatures vanquished.

Vanquished Creatures (others)
  2 deep elf knights (Elf:2)
  A deep elf archer (Elf:1)
  A deep elf pyromancer (Elf:1)
  An orc wizard (Orc:2)
  23 fungi
  64 plants
  12 tentacles (Shoals:1)
104 creatures vanquished.

Grand Total: 1004 creatures vanquished

Notes
Turn   | Place    | Note
-------+----------+-------------------------------------------
     0 | D:1      | pkoi the Minotaur Gladiator began the quest for the Orb.
     0 | D:1      | Reached XP level 1. HP: 18/18 MP: 0/0
   116 | D:1      | Reached skill level 4 in Long Blades
   230 | D:1      | Reached XP level 2. HP: 22/25 MP: 1/1
   877 | D:1      | Found Pobeg's Antique Armour Emporium.
   926 | D:1      | Reached skill level 5 in Long Blades
  1043 | D:2      | Reached XP level 3. HP: 7/30 MP: 2/2
  1925 | D:3      | Found a burning altar of Makhleb.
  1925 | D:3      | Found a blossoming altar of Fedhas.
  1936 | D:3      | Found a broken altar of Ashenzari.
  1938 | D:3      | Found a hazy altar of Hepliaklqana.
  1939 | D:3      | Found a faded altar of an unknown god.
  2167 | D:3      | Became a worshipper of Makhleb the Destroyer
  2202 | D:3      | Reached skill level 6 in Long Blades
  2202 | D:3      | Reached XP level 4. HP: 37/37 MP: 3/3
  2275 | D:4      | Noticed a scorpion
  2293 | D:4      | Killed a scorpion
  2294 | D:4      | Reached skill level 1 in Armour
  2376 | D:4      | Reached XP level 5. HP: 44/44 MP: 4/4
  2396 | D:4      | Reached skill level 1 in Invocations
  2445 | D:4      | Noticed a lemure
  2445 | D:4      | Noticed a lemure
  2445 | D:4      | Noticed Pikel
  2446 | D:4      | Noticed a lemure
  2528 | D:4      | Noticed a lemure
  2537 | D:4      | Killed Pikel
  2538 | D:4      | Reached skill level 8 in Long Blades
  2538 | D:4      | Reached XP level 6. HP: 35/52 MP: 5/7
  2538 | D:4      | Reached XP level 7. HP: 40/59 MP: 5/8
  2680 | D:3      | Found a faded altar of an unknown god.
  2809 | D:3      | Reached * piety under Makhleb
  3009 | D:3      | Noticed Ijyb
  3018 | D:3      | Killed Ijyb
  3192 | D:4      | Noticed Robin
  3203 | D:4      | Killed Robin
  3222 | D:4      | Reached skill level 5 in Fighting
  3229 | D:4      | Reached XP level 8. HP: 60/68 MP: 9/9
  3485 | D:4      | Found a sacrificial altar of Ru.
  3766 | D:4      | Reached skill level 9 in Long Blades
  3769 | D:4      | Identified the +6 dagger of Sharkskin {vorpal, Dex+5
                  | Stlth+}
  3919 | D:5      | Entered Level 5 of the Dungeon
  4204 | D:5      | Reached ** piety under Makhleb
  4205 | D:5      | Reached skill level 5 in Armour
  4486 | D:5      | Reached skill level 10 in Long Blades
  4698 | D:6      | Found a staircase to the Ecumenical Temple.
  4716 | Temple   | Entered the Ecumenical Temple
  4965 | D:6      | Reached XP level 9. HP: 75/75 MP: 11/11
  5521 | D:1      | Bought a dazzling ring mail for 216 gold pieces
  5521 | D:1      | Identified the +4 ring mail of Paecumpaeth {rC+ rN+} (You
                  | bought it in a shop on level 1 of the Dungeon)
  6000 | D:7      | Reached skill level 5 in Invocations
  6022 | D:7      | Reached skill level 1 in Evocations
  6681 | D:7      | Noticed a two-headed ogre
  6723 | D:7      | Killed a two-headed ogre
  6723 | D:7      | Reached *** piety under Makhleb
  6724 | D:7      | Reached skill level 11 in Long Blades
  6752 | D:7      | Reached XP level 10. HP: 44/86 MP: 13/13
  7283 | D:7      | Reached skill level 5 in Dodging
  7577 | D:7      | Found Coxawepn's Assorted Antiques.
  7608 | D:7      | Bought a pair of transparent gloves for 209 gold pieces
  7608 | D:7      | Identified the +0 pair of gloves of Intuition {rF++} (You
                  | bought it in a shop on level 7 of the Dungeon)
  7949 | D:8      | Noticed a gargoyle
  7962 | D:8      | Killed a gargoyle
  8353 | D:8      | Reached **** piety under Makhleb
  8424 | D:8      | Found a glowing golden altar of the Shining One.
  8575 | D:8      | Found a sparkling altar of Nemelex Xobeh.
  8586 | D:8      | Found a glowing silver altar of Zin.
  8727 | D:8      | Found a snail-covered altar of Cheibriados.
  8733 | D:8      | Found a bloodstained altar of Trog.
  8861 | D:9      | Noticed a two-headed ogre
  8981 | D:9      | Killed a two-headed ogre
  9395 | D:9      | Found a staircase to the Orcish Mines.
  9622 | D:9      | Reached XP level 11. HP: 94/97 MP: 15/15
  9812 | D:9      | Reached skill level 12 in Long Blades
  9838 | D:10     | Entered Level 10 of the Dungeon
  9908 | D:10     | Found a shadowy altar of Dithmenos.
 10089 | D:10     | Noticed an ogre mage
 10090 | D:10     | Noticed an ogre mage
 10108 | D:10     | Found a basalt altar of Yredelemnul.
 10653 | D:10     | Noticed an oklob plant
 10667 | D:10     | Found a transporter.
 10668 | D:10     | Found a transporter.
 10668 | D:10     | Noticed a two-headed ogre
 10834 | D:10     | Found an ornate altar of the Wu Jian Council.
 10954 | D:10     | Found a staircase to the Lair.
 11226 | D:1      | Bought an embroidered scarf for 192 gold pieces
 11537 | D:11     | Noticed a boulder beetle
 11583 | D:11     | Killed a boulder beetle
 11727 | D:11     | Reached ***** piety under Makhleb
 12831 | D:12     | Noticed a sixfirhy
 12844 | D:12     | Reached skill level 10 in Fighting
 12936 | D:12     | Noticed a two-headed ogre
 12952 | D:12     | Killed a two-headed ogre
 13117 | D:12     | Reached XP level 12. HP: 89/106 MP: 17/17
 13722 | D:12     | Reached skill level 10 in Armour
 14406 | Lair:1   | Entered Level 1 of the Lair of Beasts
 14413 | D:10     | Reached skill level 5 in Evocations
 14859 | Lair:1   | Reached skill level 13 in Long Blades
 15198 | Lair:1   | Identified the +3 pair of boots of Watchfulness {Rampage
                  | rN+ Stlth+}
 15649 | Lair:1   | Identified a scroll of acquirement
 15649 | Lair:1   | Acquired a +4 ring of slaying
 15669 | Lair:2   | Noticed Harold
 15685 | Lair:2   | Killed Harold
 16191 | Lair:2   | Noticed Gastronok
 16219 | Lair:2   | Killed Gastronok
 16254 | Lair:2   | Found a staircase to the Snake Pit.
 17030 | Lair:3   | Reached XP level 13. HP: 116/116 MP: 19/19
 17632 | Lair:3   | Found a staircase to the Shoals.
 18214 | Lair:4   | Reached ****** piety under Makhleb
 18759 | Lair:4   | Reached skill level 10 in Dodging
 19077 | Lair:4   | Learned a level 1 spell: Apportation
 19172 | Lair:5   | Reached skill level 10 in Invocations
 19199 | Lair:5   | Reached skill level 14 in Long Blades
 19467 | Lair:5   | Noticed Urug
 19481 | Lair:5   | Killed Urug
 19765 | Lair:5   | Found a viscous altar of Jiyva.
 19765 | Lair:5   | Found a staircase to the Slime Pits.
 19961 | Lair:6   | Entered Level 6 of the Lair of Beasts
 20029 | Lair:6   | Found an opulent altar of Gozag.
 20303 | Lair:6   | Reached XP level 14. HP: 120/127 MP: 20/20
 21803 | Lair:6   | Identified the +1 ring mail of the Shore {+Inv Str+3 Int+2
                  | Dex+4}
 22674 | D:13     | Noticed Erolcha
 22679 | D:13     | Killed Erolcha
 22718 | D:13     | Noticed Frances
 22735 | D:13     | Killed Frances
 23254 | D:13     | Reached skill level 15 in Long Blades
 23917 | Shoals:1 | Entered Level 1 of the Shoals
 24276 | Shoals:1 | Found a frozen archway.
 24297 | IceCv    | Entered an ice cave
 24758 | IceCv    | Reached XP level 15. HP: 121/136 MP: 22/22
 25556 | IceCv    | Noticed an Ice Fiend
 25882 | IceCv    | Killed an Ice Fiend
 28588 | Shoals:1 | Noticed a kraken
 28629 | Shoals:1 | Killed a kraken
 29886 | D:14     | Found a bloodstained altar of Trog.
 30466 | D:14     | Found a gate to the Vaults.
 30752 | D:15     | Entered Level 15 of the Dungeon
 31895 | D:15     | Found a staircase to the Depths.
 32017 | D:15     | Reached skill level 16 in Long Blades
 32057 | D:15     | Reached XP level 16. HP: 130/146 MP: 24/24
 32850 | D:15     | Identified the +5 war axe "Killer Bee's Curse" {vorpal,
                  | Will- MP+9 Dex+5}
 33041 | Orc:1    | Entered Level 1 of the Orcish Mines
 33144 | Orc:1    | Found a transporter.
 33145 | Orc:1    | Noticed pkoi's ghost (journeyman DrMo)
 33147 | Orc:1    | Found a transporter.
 33551 | Orc:2    | Entered Level 2 of the Orcish Mines
 33556 | Orc:2    | Found a gate leading to a gauntlet.
 33578 | Gauntlet | Entered a Gauntlet
 33578 | Gauntlet | Found a transporter.
 33578 | Gauntlet | Found a transporter.
 33586 | Gauntlet | Found a transporter.
 33591 | Gauntlet | Found a transporter.
 33601 | Gauntlet | Found a transporter.
 33602 | Gauntlet | Found a transporter.
 33608 | Gauntlet | Found a runed translucent gate.
 33610 | Gauntlet | Found a transporter.
 33611 | Gauntlet | Found a runed translucent gate.
 33612 | Gauntlet | Found a runed translucent gate.
 33625 | Gauntlet | Found a runed translucent door.
 33626 | Gauntlet | Found a transporter.
 33629 | Gauntlet | Found a runed translucent door.
 33640 | Gauntlet | Found a transporter.
 33644 | Gauntlet | Found a transporter.
 33652 | Gauntlet | Found a transporter.
 33656 | Gauntlet | Found a transporter.
 33746 | Gauntlet | Identified the +1 hat of Curiosity {+Blink Fly Will+ Str-4}
 33818 | Gauntlet | Identified the +2 cloak of Insurance {Harm rElec Will+
                  | Str-3 Dex+5}
 33828 | Gauntlet | Reached XP level 17. HP: 148/154 MP: 25/25
 34272 | Orc:2    | Found a staircase to the Elven Halls.
 34506 | Orc:2    | Reached skill level 10 in Evocations
 34994 | Orc:2    | Found Ufiz's Distillery.
 34998 | Orc:2    | Paralysed by an ogre mage for 5 turns
 35023 | Orc:2    | Bought a potion of berserk rage for 70 gold pieces
 35023 | Orc:2    | Bought a potion of haste for 140 gold pieces
 35057 | Orc:2    | Found an ancient bone altar of Kikubaaqudgha.
 35057 | Orc:2    | Noticed Nergalle
 35138 | Orc:2    | Killed Nergalle
 35167 | Orc:2    | Found a radiant altar of Vehumet.
 35248 | Orc:2    | Found Vybazexits's Book Shop.
 35271 | Orc:2    | Found Bowis's Magic Scroll Boutique.
 35279 | Orc:2    | Found Dewkae's Antique Weapon Boutique.
 35281 | Orc:2    | Bought a scroll of acquirement for 676 gold pieces
 35289 | Orc:2    | Bought a glowing great sword for 275 gold pieces
 35292 | Orc:2    | Acquired a manual of Dodging
 35443 | Elf:1    | Entered Level 1 of the Elven Halls
 35705 | Elf:1    | Found Denugru's Weapon Shop.
 36502 | Elf:1    | Found Acwenn's Weapon Emporium.
 36654 | Elf:1    | Found Asu Puen's Assorted Antiques.
 36687 | Elf:1    | Found a runed translucent gate.
 36688 | Elf:1    | Found a runed translucent gate.
 36689 | Elf:1    | Found a runed translucent gate.
 36690 | Elf:1    | Noticed Ekaitz's ghost (adept TeAE)
 36798 | Elf:1    | Found Itoe's Antique Armour Shoppe.
 36827 | Elf:1    | Bought the +3 crown of Dyrovepreva {rElec Int+2 SInv} for
                  | 1117 gold pieces
 36827 | Elf:1    | Found the +3 crown of Dyrovepreva {rElec Int+2 SInv}
 37312 | Elf:1    | Reached skill level 15 in Fighting
 39364 | Elf:2    | Paralysed by an air elemental for 1 turns
 39788 | Elf:2    | Reached skill level 15 in Armour
 40215 | D:14     | Identified the +11 longbow of Jydghiste {vorpal, rF+}
 40777 | Elf:2    | Reached XP level 18. HP: 101/163 MP: 27/27
 41408 | Elf:2    | Found a runed translucent gate.
 41408 | Elf:2    | Found a runed translucent gate.
 41408 | Elf:2    | Found a runed translucent gate.
 41547 | Elf:2    | Reached skill level 17 in Long Blades
 41678 | Elf:2    | Cast into level 2 of the Abyss (+2 long sword of
                  | distortion)
 41742 | Elf:2    | Escaped the Abyss
 41751 | Elf:2    | Mangled by a +3 antimagic halberd

Illustrated notes

Levels and vault maps discovered:
D:1:      heliophobic_arrival_battle_scene, layout_loops_corners, serial_shops,
          shop_statue, st_stairs_11
D:2:      layout_rooms, corexii_shack
D:3:      layout_basic, chequers_temple_overflow_minitemple,
          hellmonk_ecumenical_altar_run_dry, minmay_bisected, uniq_ijyb
D:4:      layout_basic, hangedman_ru_absence, minmay_misc_feat_pillars,
          uniq_robin, uniq_pikel
D:5:      layout_cave_pools, kennysheep_potato
D:6:      layout_basic, minmay_temple_entry_mini_moons, minivault_27
D:7:      minmay_polygon_palace, layout_loops_ring, serial_shops, shop,
          hangedman_misty_isle
D:8:      layout_loops_ring, nicolae_tso_carved_into_rock,
          amethyst_overflow_temple_binary, mainiacjoe_overflow_catwalk_spiral,
          small_statue_intersection, minmay_microvault
D:9:      layout_basic, hiddenorc1_lemuel
D:10:     gammafunk_beogh_shrine, layout_cave_pools, nzn_wu_jian_council_hall,
          mainiacjoe_overflow_boulevard, nicolae_dithmenos_the_darkroom,
          dpeg_oklobed_lair, hive_lemuel
D:11:     layout_basic, nicolae_lava_and_water, kennysheep_generic_room_11
D:12:     layout_big_octagon
D:13:     layout_long_grid, uniq_erolcha, uniq_frances
D:14:     layout_cave_pools, grunt_vaults_entry_tiered, bloody_trog,
          serial_column_ruins, column_ruins_open_tiny,
          column_ruins_corridor_straight, column_ruins_columns_plus,
          column_ruins_columns_corner, column_ruins_columns_straight,
          column_ruins_open_tiny, column_ruins_grid_3, palyth_stone_intersect
D:15:     hangedman_depths_entry_civil_slaughter, layout_irregular_city
Temple:   grunt_temple_mini_profane
Lair:1:   layout_long_grid, special_room, infiniplex_staircase_pool
Lair:2:   layout_regular_city, minmay_snake_entry_guardpost_medium, uniq_harold,
          uniq_gastronok
Lair:3:   layout_layer_cave, minmay_shoals_entry_lonely_mermaid
Lair:4:   layout_cave_shapes, serial_rivers, chequers_serial_rivers_small_3,
          chequers_serial_rivers_room_b, chequers_serial_rivers_small_a,
          chequers_serial_rivers_marsh, chequers_serial_rivers_marsh,
          chequers_serial_rivers_marsh
Lair:5:   layout_hall_layers, dpeg_slime_entry_enclosed_altar,
          lemuel_fruit_fields, uniq_urug
Lair:6:   hangedman_lair_tendril_chambers, layout_cave_pods,
          chequers_serial_rivers_marsh, chequers_serial_rivers_micro_d,
          lemuel_oklob_altar
Shoals:1: layout_shoals, portal_ice_cave_entry_ice_statue_two,
          nicolae_shoals_this_corrosion
Orc:1:    layout_diamond_mine, gammafunk_ghost_arena
Orc:2:    kennysheep_orc_mage_school, layout_caves, gauntlet_entry_generic
Elf:1:    nicolae_elf_arrival_fired_up, layout_loops_corners,
          ebering_ghost_rock_garden, serial_shops, nicolae_shop_trees,
          nicolae_shop_window_shopping, nicolae_shop_stone,
          nicolae_shop_window_shopping, evilmike_minifort,
          einodemon_armed_red_devil_minivault
Elf:2:    nicolae_elf_blades_splatter_lattice [mumra_blade_entry_bloodbath],
          layout_loops_cross, st_stairs_5, wad_dig_loot

Skill      XL: |  1  2  3  4  5  6  7  8  9 10 11 12 13 14 15 16 17 18 |
---------------+-------------------------------------------------------+-----
Long Blades    | 4 5 6 8 10 11 12 13 14 15 16 17 | 17.0
Armour         | 1 3 4 5 6 8 9 10 12 13 14 15 | 15.2
Invocations    | 2 3 4 5 7 8 9 10 11 12 13 14 | 14.0
Fighting       | 4 5 6 7 9 10 11 12 13 14 15 | 15.5
Evocations     | 2 3 4 6 7 8 9 10 | 10.9
Dodging        | 4 6 8 9 10 11 12 14 | 14.5
Throwing       | |  2.0

Action                   |  1- 3 |  4- 6 |  7- 9 | 10-12 | 13-15 | 16-18 || total
-------------------------+-------+-------+-------+-------+-------+-------++-------
Melee: Long sword        |    72 |    31 |    80 |       |       |       ||   183
       Headbutt          |    17 |     8 |    53 |   280 |   574 |   236 ||  1168
       Dagger            |       |       |   185 |   906 |  1580 |   462 ||  3133
       Great sword       |       |       |       |       |       |   379 ||   379
Throw: Dart              |       |       |       |       |     2 |       ||     2
Invok: Lesser Servant of |       |       |       |     1 |     7 |     4 ||    12
       Greater Servant o |       |       |       |       |     1 |       ||     1
       Major Destruction |       |       |       |       |     3 |       ||     3
Evoke: Wand              |       |       |     2 |     5 |    16 |       ||    23
  Use: Scroll            |       |     8 |       |    17 |     4 |     4 ||    33
       Potion            |       |       |     1 |       |     2 |     1 ||     4
 Stab: Sleeping          |       |       |     6 |    11 |    14 |     4 ||    35
       Distracted        |       |       |       |       |     4 |     2 ||     6
Armor: Leather armour    |    19 |     3 |    21 |       |       |       ||    43
       Ring mail         |       |       |    15 |   177 |   370 |   191 ||   753
       Skin              |       |       |     8 |       |       |       ||     8
Dodge: Dodged            |    60 |    35 |   187 |   680 |  1145 |   692 ||  2799
       Repelled          |       |       |       |     7 |     9 |    29 ||    45
       Rpst.: Long sword |    20 |    12 |    21 |       |       |       ||    53
       Great sword       |       |       |       |       |       |    85 ||    85
